 Dungeon Crawl Stone Soup version 0.31-a0-157-g0643eb4156 (webtiles) character file.

Game seed: 10967735317384238221

116683 qw the Peltast (level 16, -6/101 HPs)
             Began as a Gargoyle Fighter on June 12, 2023.
             Was a Priest of Okawaru.
             Mangled by an emperor scorpion (11 damage)
             ... led by a torpor snail
             ... on level 1 of the Spider Nest.
             The game lasted 00:14:24 (26759 turns).

qw the Peltast (Gargoyle Fighter)                  Turns: 26759, Time: 00:14:25

Health: -6/101     AC: 44    Str: 31    XL:     16   Next: 72%
Magic:  23/23      EV: 16    Int:  9    God:    Okawaru [***...]
Gold:   614        SH: 21    Dex: 11    Spells: 15/15 levels left

rFire   + . .        Y - +6 broad axe (chaos)
rCold   + + +        o - +0 tower shield
rNeg    + . .        k - +9 plate armour "Maguluk" {-Cast rC++ rCorr Dex+3}
rPois   inf          D - +1 helmet {SInv}
rElec   +            c - scarf {rC+ rF+}
rCorr   +            u - +2 pair of gloves {hurl}
SInv    +            y - +2 pair of boots
Will    +....        s - amulet of faith Stlth
                     m - +5 ring of evasion
HPRegen 0.36/turn    A - +4 ring of slaying {mikee}
MPRegen 0.18/turn

%: no spellcasting, faith
@: about to teleport, heroic, corroded, flying
A: sickness immunity, AC +12, big wings, negative energy resistance 1,
electricity resistance, torment resistance 1, petrification resistance, talons
1, screaming 1, strong 1
a: Renounce Religion, Heroism


You were on level 1 of the Spider Nest.
You worshipped Okawaru.
Okawaru was most pleased with you.
You visited 5 branches of the dungeon, and saw 25 of its levels.
You also visited: Gauntlet.

You collected 2171 gold pieces.
You spent 1557 gold pieces at shops.


Innate Abilities, Weirdness & Mutations

You are immune to sickness and miasma.
Your stone body is resilient. (AC +12)
You are immune to poison.
Your large and strong wings let you fly.
You resist negative energy. (rN+)
You are resistant to electric shocks. (rElec)
You are resistant to unholy torment.
You are immune to petrification.
You have sharp toenails.
You occasionally shout uncontrollably at your foes.
Your muscles are strong. (Str +4, Int/Dex -1)


   Skills:
 - Level 12.0(17.0) Fighting
 + Level 16.1(21.1) Axes
 - Level 7.0(12.0) Throwing
 - Level 11.0(16.0) Armour
 - Level 3.4(8.4) Dodging
 - Level 17.0(22.0) Shields
 - Level 10.0 Invocations


You had 15 spell levels left.
You didn't know any spells.
Your spell library was empty.

Inventory:

Hand Weapons
 h - the +11 hand axe "Dadid" {flame, rPois Will- Dex+6}
   (You found it on level 3 of the Dungeon)

   Dex:       It affects your dexterity (+6).
   rPois:     It protects you from poison.
   Will:      It decreases your willpower.
 B - a +0 broad axe
 Y - a +6 broad axe of chaos (weapon)
Missiles
 q - 7 javelins (quivered)
 C - 8 boomerangs
 G - 2 silver javelins
Armour
 c - a scarf of resistance (worn)
 k - the +9 plate armour "Maguluk" (worn) {-Cast rC++ rCorr Dex+3}
   (You bought it in a shop on level 15 of the Dungeon)

   Dex:       It affects your dexterity (+3).
   rC:        It greatly protects you from cold.
   -Cast:     It prevents spellcasting.
   rCorr:     It protects you from acid and corrosion.
 o - a +0 tower shield (worn)
 u - a +2 pair of gloves of hurling (worn)
 v - a +1 cloak of stealth
 y - a +2 pair of boots (worn)
 D - a +1 helmet of see invisible (worn)
 E - the +15 Maxwell's patent armour {-Cast -Tele rElec Will+ rCorr}
   (You found it on level 4 of the Lair of Beasts)

   rElec:     It insulates you from electricity.
   -Cast:     It prevents spellcasting.
   -Tele:     It prevents most forms of teleportation.
   rCorr:     It protects you from acid and corrosion.
   Will:      It increases your willpower.
Jewellery
 j - a ring of protection from fire
 l - a ring of protection from cold
 m - a +5 ring of evasion (left hand)
 p - an amulet of guardian spirit
 r - a ring of fire
 s - an amulet of faith (around neck)
 x - a ring of resist corrosion
 A - a +4 ring of slaying (right hand) {mikee}
Wands
 t - a wand of digging (7)
Scrolls
 a - 15 scrolls of identify
 i - 3 scrolls of teleportation
Potions
 b - 5 potions of attraction
 d - 4 potions of might
 e - 3 potions of curing
 f - 2 potions of lignification
 g - 2 potions of resistance
 n - 3 potions of magic
 z - a potion of cancellation

Dungeon Overview and Level Annotations

Branches:
Dungeon (15/15)            Temple (1/1) D:5            Lair (5/5) D:11
 Shoals (0/4) Lair:2       Spider (2/4) Lair:2        Slime (0/5) Lair:4
    Orc (2/2) D:11            Elf (0/3) Orc:2        Vaults (0/5) D:14
 Depths (0/4) D:15        Gauntlet (visited)

Altars:
Ashenzari
Cheibriados
Dithmenos
Elyvilon
Fedhas
Gozag
Hepliaklqana
Kikubaaqudgha
Makhleb
Nemelex Xobeh
Okawaru
Qazlal
Ru
Sif Muna
Trog
Uskayaw
Vehumet
Wu Jian
Xom
Yredelemnul
Zin
The Shining One
Jiyva

Shops:
D:9 [   D:11 (   D:15 [   Orc:2 *[[(?

Annotations:
D:4 exclusion: 2 quokkas
D:6 exclusion: kobold
D:13 3 runed translucent doors
Lair:2 3 runed translucent doors, qw's ghost, journeyman NaHu
Orc:2 3 runed translucent doors, qw's ghost, journeyman GrFi


Message History

You hit the entropy weaver.
The entropy weaver's magic leaks into the air.
You closely miss the entropy weaver. You closely miss the redback.
The redback barely misses you. You block the entropy weaver's attack.
The entropy weaver hits you but does no damage.
You block the entropy weaver's attack. The entropy weaver barely misses you.
The emperor scorpion stings you but does no damage.
The emperor scorpion claws you but does no damage. x2
You block the emperor scorpion's attack.
The emperor scorpion claws you but does no damage.
You block the emperor scorpion's attack.
The entropy weaver hits you but does no damage.
The entropy weaver barely misses you. The entropy weaver hits you. x2
The redback barely misses you.
You hit the emperor scorpion but do no damage.
The emperor scorpion is almost dead.
You slash the emperor scorpion! You slice the entropy weaver!!
You freeze the entropy weaver. You slice the entropy weaver!!
Lightning courses through the entropy weaver!
You completely miss the redback.
The entropy weaver's magic is no longer disrupted.
The entropy weaver casts a spell at you.
You block the redback's attack. The entropy weaver barely misses you.
You block the entropy weaver's attack. x2; The entropy weaver hits you!
You block the emperor scorpion's attack. x2
The emperor scorpion closely misses you.
The entropy weaver hits you! The entropy weaver misses you.
The entropy weaver closely misses you.
The entropy weaver hits you but does no damage.
26759 ||| READING 4 scrolls of teleportation.
As you read the scroll of teleportation, it crumbles to dust.
You feel strangely unstable.
You block the emperor scorpion's attack.
The emperor scorpion claws you but does no damage. x2
You block the entropy weaver's attack. The entropy weaver hits you.
You block the entropy weaver's attack. x2
The redback bites you but does no damage.
The entropy weaver casts a spell at you.
The emperor scorpion stings you!
You die...

##...........#.#.#......
#^................#..#..
###.#..##.#...#.....^#..
##..#..........#.....#
#...........#...!.##..
##...........^.......#
#.[.##......#........#
###.s##......^.....#.#
##.##B@#......##.......
#..^.Bss..........^#.#.
##.......#.)^#..#.......
###...#.##.......#..[##...
###^##.#..........#.......#.
###..............^..#.........
#..............#..#...#.......
##...#.....#...............#[.
###.#.....##....#...##.......


You could see 2 emperor scorpions, 2 entropy weavers and a redback.

Vanquished Creatures
  4 dire elephants (Lair:5)
  2 spark wasps (Lair:2)
  A minotaur (Gauntlet)
  Snorg (D:11)
  Josephine (Orc:1)
  Erolcha (D:13)
  Harold (D:10)
  8 hydras
  An ice dragon (D:12)
  A catoblepas (Lair:5)
  6 boulder beetles
  5 centaur warriors
  4 two-headed ogres
  Erica (D:9)
  A tengu warrior (D:15)
  A demonic crawler (Lair:2)
  5 orc high priests (Orc:2)
  Urug (Orc:1)
  3 spectral death yaks (Lair:5)
  Amaemon (D:11)
  Sonja (Orc:1)
  A skyshark (Lair:5)
  A fire crab (Gauntlet)
  4 skeletal warriors (D:14)
  2 orb spiders (Spider:1)
  4 large abominations (Gauntlet)
  2 wizards (D:15)
  A spectral anaconda (Lair:5)
  An obsidian statue (Lair:5)
  A lindwurm (Lair:3)
  An orc knight (D:15)
  A harpy (shapeshifter) (Orc:1)
  A deep elf zephyrmancer (D:15)
  13 ugly things
  4 deep elf pyromancers
  5 necromancers
  A wolf spider (Lair:2)
  30 elephants
  2 orc sorcerers (Orc:2)
  A manticore (D:15)
  7 cyclopes
  4 black mambas
  A merfolk siren (Lair:2)
  An orange demon (D:11)
  A naga mage (D:15)
  A gargoyle (D:10)
  2 torpor snails (Lair:2)
  Maggie (D:9)
  A centaur skeleton (D:15)
  Psyche (D:10)
  13 cane toads
  6 rime drakes
  9 komodo dragons
  2 unseen horrors
  7 tarantellas
  3 meliai (D:14)
  5 polar bears
  9 trolls
  A hornet (Lair:4)
  4 blink frogs (Lair:1)
  10 jumping spiders
  A spriggan (Lair:2)
  A spectral elephant (Lair:5)
  3 centaur simulacra (D:15)
  13 slime creatures
  A vampire (D:12)
  7 culicivoras
  8 wraiths
  7 humans
  4 fire bats (Gauntlet)
  5 wyverns
  A golden eye (shapeshifter) (Lair:5)
  70 yaks
  4 basilisks
  4 steam dragons
  15 redbacks
  6 vampire mosquitoes
  5 wargs
  3 acid dragons
  3 hell hounds (Gauntlet)
  11 water moccasins
  30 orc warriors
  An ice beast (D:7)
  A sky beast (D:8)
  An elephant zombie (Lair:5)
  A black bear (Lair:2)
  A sky beast (shapeshifter) (Lair:3)
  7 wolves
  5 ogres
  2 phantoms
  An elephant skeleton (Lair:5)
  12 centaurs
  2 kobold brigands
  12 bullfrogs
  A gnoll sergeant (D:6)
  4 scorpions
  2 cane toad simulacra (Lair:5)
  5 wights (D:7)
  9 killer bees
  An elephant simulacrum (Lair:5)
  6 small abominations (Gauntlet)
  An electric eel (D:15)
  4 howler monkeys
  A lava snake (D:12)
  3 hounds
  4 jellies
  34 orc priests
  2 sleepcaps
  30 orc wizards
  13 hell rats
  A boggart simulacrum (D:15)
  10 gnolls
  7 adders
  A river rat (Orc:2)
  A shadow imp (D:5)
  4 white imps
  2 ufetubi (D:5)
  A dart slug (D:2)
  71 orcs
  3 ball pythons
  9 endoplasms
  2 giant cockroaches (D:2)
  3 goblins
  3 hobgoblins (D:2)
  2 jackals (D:2)
  3 quokkas
  4 bats
  13 kobolds
  5 rats
728 creatures vanquished.

Vanquished Creatures (others)
  2 orc wizards (D:6)
2 creatures vanquished.

Grand Total: 730 creatures vanquished

Notes
Turn   | Place    | Note
-------+----------+-------------------------------------------
     0 | D:1      | qw the Gargoyle Fighter began the quest for the Orb.
     0 | D:1      | Reached XP level 1. HP: 14/14 MP: 1/1
     0 | D:1      | 0 ||| qw: Version: 0.2-a-29-gc1b59c4
     0 | D:1      | 0 ||| qw: Game counter: 4114
     0 | D:1      | 0 ||| qw: Always use a shield: true
     0 | D:1      | 0 ||| qw: God list: Okawaru
     0 | D:1      | 0 ||| qw: Allow faded altars: false
     0 | D:1      | 0 ||| qw: Do Orc after D:15 true
     0 | D:1      | 0 ||| qw: Do second Lair branch before Depths: true
     0 | D:1      | 0 ||| qw: Lair rune preference: random
     0 | D:1      | 0 ||| qw: Plans: Normal, Zot:1-4, Slime:5, God:TSO, Crypt,
                  | Tomb, Abyss, Pan, Hells, Win
     0 | D:1      | 0 ||| PLANNING D:1-11
   738 | D:1      | 738 ||| UPGRADING to +0 pair of gloves.
   743 | D:1      | 743 ||| UPGRADING to +0 cloak.
   748 | D:1      | 748 ||| DROPPING ring of magical power.
   749 | D:1      | 749 ||| READING 2 scrolls labelled HAOQAU KYN JA AMP.
   750 | D:1      | 750 ||| READING 2 scrolls labelled LYULYTTU MECZI.
   799 | D:2      | 799 ||| Stepping ~*~*~tactically~*~*~ (hiding).
   806 | D:2      | Reached XP level 2. HP: 19/19 MP: 2/2
  1114 | D:2      | Found a faded altar of an unknown god.
  1169 | D:2      | Reached skill level 3 in Axes
  1169 | D:2      | Reached XP level 3. HP: 20/23 MP: 3/3
  1247 | D:2      | Identified the +3 ring mail of Parlour Games {Will+ Regen+}
  1248 | D:2      | 1248 ||| Stepping ~*~*~tactically~*~*~ (stealth).
  1392 | D:2      | 1392 ||| DROPPING +0 club.
  1540 | D:2      | 1540 ||| UPGRADING to +3 ring mail of Parlour Games {Will+
                  | Regen+}.
  1550 | D:2      | 1550 ||| DROPPING +0 scale mail.
  1551 | D:2      | 1551 ||| UPGRADING to ring of willpower.
  1552 | D:2      | 1552 ||| READING scroll labelled HOOFUYDIUQ.
  1553 | D:2      | 1553 ||| READING scroll labelled XYER DESKATOE.
  1554 | D:2      | 1554 ||| READING scroll labelled REMNETH ASAC.
  1555 | D:2      | 1555 ||| READING scroll labelled CIV UTYVVATI.
  1556 | D:2      | 1556 ||| DRINKING 2 black potions.
  1557 | D:2      | 1557 ||| READING 2 scrolls of identify.
  1557 | D:2      | 1557 ||| IDENTIFYING smoky purple potion
  1686 | D:3      | Reached XP level 4. HP: 28/28 MP: 4/4
  1720 | D:3      | 1720 ||| FLEEEEING.
  1721 | D:3      | 1721 ||| FLEEEEING.
  1722 | D:3      | 1722 ||| FLEEEEING.
  1723 | D:3      | 1723 ||| FLEEEEING.
  1724 | D:3      | 1724 ||| FLEEEEING.
  1725 | D:3      | 1725 ||| STAIRDANCE
  1728 | D:2      | 1728 ||| READING scroll labelled WOZIBB DUEFO.
  1729 | D:2      | 1729 ||| READING scroll labelled VITYEF URHAUFRO.
  1730 | D:2      | 1730 ||| READING 2 scrolls of identify.
  1730 | D:2      | 1730 ||| IDENTIFYING viscous ruby potion
  1752 | D:3      | Found a broken altar of Ashenzari.
  1768 | D:3      | 1768 ||| Stepping ~*~*~tactically~*~*~ (stealth).
  1780 | D:3      | Reached XP level 5. HP: 18/32 MP: 5/5
  1789 | D:3      | 1789 ||| FLEEEEING.
  1792 | D:3      | 1792 ||| Stepping ~*~*~tactically~*~*~ (stealth).
  1798 | D:3      | Identified the +11 hand axe "Dadid" {flame, rPois Will-
                  | Dex+6}
  1800 | D:3      | 1800 ||| DROPPING +0 mace.
  2005 | D:3      | 2005 ||| Stepping ~*~*~tactically~*~*~ (stealth).
  2223 | D:3      | 2223 ||| UPGRADING to ring of resist corrosion.
  2224 | D:3      | 2224 ||| READING scroll labelled BIHAPO NEDIOK.
  2225 | D:3      | 2225 ||| READING 3 scrolls of identify.
  2225 | D:3      | 2225 ||| IDENTIFYING clear potion
  2226 | D:3      | 2226 ||| READING 2 scrolls of identify.
  2226 | D:3      | 2226 ||| IDENTIFYING sedimented white potion
  2227 | D:3      | 2227 ||| DROPPING potion of enlightenment.
  2296 | D:4      | Reached skill level 1 in Dodging
  2296 | D:4      | Reached XP level 6. HP: 37/37 MP: 6/6
  2338 | D:4      | You fall into a shaft and drop 3 floors!
  2439 | D:7      | 2439 ||| READING 2 scrolls of identify.
  2439 | D:7      | 2439 ||| IDENTIFYING smoky white potion
  2527 | D:5      | Entered Level 5 of the Dungeon
  2539 | D:5      | 2539 ||| DRINKING 2 golden potions.
  2594 | D:4      | Found a stormy altar of Qazlal.
  2596 | D:4      | 2596 ||| READING 2 scrolls of identify.
  2596 | D:4      | 2596 ||| IDENTIFYING brown potion
  2670 | D:4      | Found a hazy altar of Hepliaklqana.
  2670 | D:4      | Found a hide-covered altar of Uskayaw.
  2776 | D:4      | 2776 ||| Stepping ~*~*~tactically~*~*~ (stealth).
  2788 | D:4      | 2788 ||| DROPPING potion of brilliance.
  2964 | D:4      | Found an opulent altar of Gozag.
  3200 | D:4      | Found a glowing golden altar of the Shining One.
  3200 | D:4      | Found a white marble altar of Elyvilon.
  3200 | D:4      | Found a glowing silver altar of Zin.
  3268 | D:4      | 3268 ||| Stepping ~*~*~tactically~*~*~ (stealth).
  3630 | D:5      | 3630 ||| Stepping ~*~*~tactically~*~*~ (stealth).
  3633 | D:5      | 3633 ||| Stepping ~*~*~tactically~*~*~ (stealth).
  3648 | D:5      | Reached XP level 7. HP: 36/44 MP: 7/7
  3773 | D:5      | Reached skill level 6 in Axes
  3838 | D:5      | Found a sparkling altar of Nemelex Xobeh.
  3904 | D:5      | 3904 ||| READING scroll of enchant weapon.
  3904 | D:5      | 3904 ||| ENCHANTING +1 war axe.
  3996 | D:5      | Found a snail-covered altar of Cheibriados.
  4221 | D:5      | Found a staircase to the Ecumenical Temple.
  4222 | D:5      | 4222 ||| PLANNING TEMPLE
  4232 | D:5      | 4232 ||| READING scroll labelled ZAMOJ ADOILEWK.
  4233 | D:5      | 4233 ||| READING 5 scrolls of identify.
  4233 | D:5      | 4233 ||| IDENTIFYING blue potion
  4234 | D:5      | 4234 ||| READING 4 scrolls of identify.
  4234 | D:5      | 4234 ||| IDENTIFYING bubbling ruby potion
  4235 | D:5      | 4235 ||| READING 3 scrolls of identify.
  4235 | D:5      | 4235 ||| IDENTIFYING coppery potion
  4236 | D:5      | 4236 ||| DROPPING potion of ambrosia.
  4237 | D:5      | 4237 ||| DROPPING potion of degeneration.
  4243 | Temple   | Entered the Ecumenical Temple
  4244 | Temple   | 4244 ||| PLANNING D:1-11
  4333 | D:6      | Found a basalt altar of Yredelemnul.
  4334 | D:6      | 4334 ||| Stepping ~*~*~tactically~*~*~ (stealth).
  4363 | D:6      | Reached XP level 8. HP: 45/49 MP: 8/8
  4374 | D:6      | 4374 ||| Stepping ~*~*~tactically~*~*~ (hiding).
  4450 | D:6      | 4450 ||| Stepping ~*~*~tactically~*~*~ (stealth).
  4455 | D:6      | 4455 ||| Stepping ~*~*~tactically~*~*~ (hiding).
  4527 | D:6      | Found a shadowy altar of Dithmenos.
  4610 | D:6      | 4610 ||| Stepping ~*~*~tactically~*~*~ (hiding).
  4619 | D:6      | 4619 ||| Stepping ~*~*~tactically~*~*~ (hiding).
  4641 | D:6      | Reached skill level 6 in Fighting
  4761 | D:6      | 4761 ||| Stepping ~*~*~tactically~*~*~ (stealth).
  4763 | D:6      | 4763 ||| Stepping ~*~*~tactically~*~*~ (hiding).
  4939 | D:6      | 4939 ||| UPGRADING to +0 plate armour.
  4949 | D:6      | 4949 ||| DROPPING +3 ring mail of Parlour Games {Will+
                  | Regen+}.
  5087 | D:7      | Found a radiant altar of Vehumet.
  5177 | D:7      | 5177 ||| Stepping ~*~*~tactically~*~*~ (hiding).
  5179 | D:7      | 5179 ||| Stepping ~*~*~tactically~*~*~ (hiding).
  5180 | D:7      | 5180 ||| Stepping ~*~*~tactically~*~*~ (hiding).
  5227 | D:7      | Reached XP level 9. HP: 52/55 MP: 9/9
  5237 | D:7      | Reached skill level 9 in Axes
  5237 | D:7      | 5237 ||| FLEEEEING.
  5238 | D:7      | 5238 ||| FLEEEEING.
  5239 | D:7      | 5239 ||| FLEEEEING.
  5240 | D:7      | 5240 ||| FLEEEEING.
  5241 | D:7      | 5241 ||| FLEEEEING.
  5242 | D:7      | 5242 ||| FLEEEEING.
  5244 | D:7      | 5244 ||| FLEEEEING.
  5440 | D:7      | Reached skill level 4 in Shields
  5651 | D:7      | Found an ornate altar of the Wu Jian Council.
  5662 | D:7      | 5662 ||| UPGRADING to amulet of guardian spirit.
  5725 | D:8      | 5725 ||| Stepping ~*~*~tactically~*~*~ (hiding).
  5739 | D:8      | 5739 ||| DRINKING 4 potions of curing.
  5739 | D:8      | 5739 ||| (to cure confusion)
  5741 | D:8      | Reached skill level 1 in Throwing
  5943 | D:8      | Reached skill level 6 in Armour
  6148 | D:8      | Found a bloodstained altar of Trog.
  6193 | D:8      | Noticed a two-headed ogre
  6201 | D:8      | Killed a two-headed ogre
  6300 | D:8      | Found an iron altar of Okawaru.
  6301 | D:8      | 6301 ||| PLANNING OKAWARU WORSHIP
  6311 | D:8      | Reached XP level 10. HP: 41/65 MP: 6/10
  6390 | D:8      | 6390 ||| DROPPING +6 ring of intelligence.
  6391 | D:8      | 6391 ||| READING scroll labelled OROJ IL YFENIGIF.
  6398 | D:8      | Became a worshipper of Warmaster Okawaru
  6398 | D:8      | 6398 ||| PLANNING D:1-11
  6399 | D:8      | 6399 ||| REMOVING amulet of guardian spirit.
  6500 | D:8      | Found a sacrificial altar of Ru.
  6509 | D:8      | Found a shimmering altar of Xom.
  6644 | D:9      | Found a shimmering blue altar of Sif Muna.
  6676 | D:9      | Found a burning altar of Makhleb.
  6789 | D:9      | 6789 ||| Stepping ~*~*~tactically~*~*~ (hiding).
  6794 | D:9      | 6794 ||| FLEEEEING.
  6795 | D:9      | 6795 ||| FLEEEEING.
  7173 | D:9      | Reached * piety under Okawaru
  7174 | D:9      | Reached skill level 5 in Shields
  7277 | D:9      | Noticed Maggie
  7278 | D:9      | 7278 ||| Stepping ~*~*~tactically~*~*~ (hiding).
  7281 | D:9      | 7281 ||| Stepping ~*~*~tactically~*~*~ (hiding).
  7289 | D:9      | 7289 ||| INVOKING Heroism.
  7290 | D:9      | 7290 ||| INVOKING Heroism.
  7301 | D:9      | Killed Maggie
  7419 | D:9      | 7419 ||| SWAPPING to +2 heavy broad axe.
  7420 | D:9      | 7420 ||| DROPPING +2 war axe.
  7432 | D:9      | 7432 ||| Stepping ~*~*~tactically~*~*~ (hiding).
  7434 | D:9      | 7434 ||| Stepping ~*~*~tactically~*~*~ (hiding).
  7435 | D:9      | 7435 ||| Stepping ~*~*~tactically~*~*~ (hiding).
  7467 | D:9      | Reached skill level 1 in Invocations
  7473 | D:9      | 7473 ||| INVOKING Heroism.
  7555 | D:9      | Noticed Erica
  7556 | D:9      | 7556 ||| INVOKING Heroism.
  7568 | D:9      | Killed Erica
  7618 | D:9      | 7618 ||| INVOKING Heroism.
  7619 | D:9      | 7619 ||| INVOKING Heroism.
  7650 | D:9      | Found Erchupy's Armour Shop.
  7659 | D:9      | 7659 ||| BUYING +0 plate armour of cold resistance (360
                  | gold).
  7659 | D:9      | Bought a +0 plate armour of cold resistance for 360 gold
                  | pieces
  7666 | D:9      | 7666 ||| Stepping ~*~*~tactically~*~*~ (stealth).
  7671 | D:9      | Reached skill level 3 in Invocations
  7672 | D:9      | Reached skill level 9 in Fighting
  7862 | D:9      | 7862 ||| UPGRADING to +0 pair of boots.
  7867 | D:9      | 7867 ||| UPGRADING to +0 plate armour of cold resistance.
  7877 | D:9      | 7877 ||| DROPPING +0 plate armour.
  7909 | D:10     | Entered Level 10 of the Dungeon
  7931 | D:10     | Reached ** piety under Okawaru
  7932 | D:10     | Reached XP level 11. HP: 71/71 MP: 13/13
  8005 | D:10     | Noticed a deep elf pyromancer
  8010 | D:10     | Killed a deep elf pyromancer
  8191 | D:10     | Reached *** piety under Okawaru
  8207 | D:10     | 8207 ||| INVOKING Heroism.
  8212 | D:10     | HP: 12/71 [gargoyle/stone arrow (14)]
  8213 | D:10     | 8213 ||| READING 6 scrolls of teleportation.
  8214 | D:10     | 8214 ||| DRINKING 2 potions of heal wounds.
  8457 | D:10     | Noticed Harold
  8458 | D:10     | 8458 ||| INVOKING Heroism.
  8472 | D:10     | Killed Harold
  8473 | D:10     | Reached skill level 12 in Axes
  8642 | D:10     | Found a blossoming altar of Fedhas.
  8852 | D:10     | Noticed Psyche
  8853 | D:10     | 8853 ||| INVOKING Heroism.
  8858 | D:10     | Killed Psyche
  8946 | D:10     | 8946 ||| UPGRADING to +5 ring of evasion.
  8948 | D:10     | 8948 ||| UPGRADING to ring of willpower.
  8958 | D:11     | Noticed a centaur warrior
  8961 | D:11     | 8961 ||| STAIRDANCE
  9019 | D:11     | Killed a centaur warrior
  9020 | D:11     | Reached skill level 9 in Armour
  9078 | D:11     | Noticed Snorg
  9079 | D:11     | 9079 ||| INVOKING Heroism.
  9085 | D:11     | Killed Snorg
  9085 | D:11     | Reached **** piety under Okawaru
  9086 | D:11     | Reached skill level 6 in Shields
  9115 | D:11     | 9115 ||| INVOKING Heroism.
  9210 | D:11     | 9210 ||| FLEEEEING.
  9316 | D:11     | 9316 ||| INVOKING Heroism.
  9319 | D:11     | 9319 ||| Stepping ~*~*~tactically~*~*~ (stealth).
  9336 | D:11     | Found Petoum's Weapon Shop.
  9338 | D:11     | Found a staircase to the Orcish Mines.
  9667 | D:11     | 9667 ||| INVOKING Heroism.
  9672 | D:11     | Noticed a boulder beetle
  9680 | D:11     | Killed a boulder beetle
  9681 | D:11     | Reached XP level 12. HP: 37/77 MP: 14/16
  9728 | D:11     | Noticed a two-headed ogre
  9729 | D:11     | 9729 ||| FLEEEEING.
  9843 | D:11     | Killed a two-headed ogre
  9844 | D:11     | Reached skill level 6 in Invocations
  9849 | D:11     | Found a staircase to the Lair.
  9987 | D:11     | Reached ***** piety under Okawaru
  9991 | D:11     | 9991 ||| FLEEEEING.
  9995 | D:11     | 9995 ||| INVOKING Heroism.
 10068 | D:11     | 10068 ||| READING scroll of enchant weapon.
 10068 | D:11     | 10068 ||| ENCHANTING +2 heavy broad axe.
 10137 | D:11     | Noticed Amaemon
 10137 | D:11     | 10137 ||| Stepping ~*~*~tactically~*~*~ (stealth).
 10139 | D:11     | 10139 ||| Stepping ~*~*~tactically~*~*~ (hiding).
 10145 | D:11     | 10145 ||| INVOKING Heroism.
 10154 | D:11     | Killed Amaemon
 10248 | D:11     | 10248 ||| PLANNING LAIR
 10248 | D:11     | 10248 ||| UPGRADING to +2 pair of boots.
 10258 | D:11     | 10258 ||| DROPPING +0 pair of boots.
 10259 | D:11     | 10259 ||| READING scroll labelled BOCLUN FAAT.
 10260 | D:11     | 10260 ||| READING 6 scrolls of identify.
 10260 | D:11     | 10260 ||| IDENTIFYING viscous brown potion
 10261 | D:11     | 10261 ||| DROPPING potion of invisibility.
 10343 | Lair:1   | Entered Level 1 of the Lair of Beasts
 10453 | Lair:1   | 10453 ||| INVOKING Heroism.
 10698 | Lair:1   | 10698 ||| INVOKING Heroism.
 10745 | Lair:1   | 10745 ||| INVOKING Heroism.
 11075 | Lair:1   | 11075 ||| Stepping ~*~*~tactically~*~*~ (stealth).
 11077 | Lair:1   | 11077 ||| Stepping ~*~*~tactically~*~*~ (stealth).
 11106 | Lair:1   | 11106 ||| INVOKING Heroism.
 11112 | Lair:1   | Identified the +2 ring mail of Morality {Str+4} (Okawaru
                  | gifted it to you on level 1 of the Lair of Beasts)
 11112 | Lair:1   | Received a gift from Okawaru
 11230 | Lair:1   | 11230 ||| Stepping ~*~*~tactically~*~*~ (stealth).
 11231 | Lair:1   | 11231 ||| Stepping ~*~*~tactically~*~*~ (stealth).
 11242 | Lair:1   | Reached skill level 9 in Invocations
 11540 | Lair:1   | 11540 ||| DROPPING ring of flight.
 11541 | Lair:1   | 11541 ||| READING scroll labelled PORUAF MOAGO.
 11565 | Lair:2   | 11565 ||| Stepping ~*~*~tactically~*~*~ (stealth).
 11568 | Lair:2   | 11568 ||| INVOKING Heroism.
 11639 | Lair:2   | 11639 ||| READING scroll of enchant weapon.
 11639 | Lair:2   | 11639 ||| ENCHANTING +3 heavy broad axe.
 11668 | Lair:2   | Found a hole to the Spider Nest.
 11669 | Lair:2   | 11669 ||| INVOKING Heroism.
 11670 | Lair:2   | 11670 ||| Stepping ~*~*~tactically~*~*~ (hiding).
 12010 | Lair:2   | Found a runed translucent gate.
 12011 | Lair:2   | Found a runed translucent gate.
 12012 | Lair:2   | Found a runed translucent gate.
 12020 | Lair:2   | Noticed a minotaur
 12029 | Lair:2   | Noticed qw's ghost (journeyman NaHu)
 12051 | Lair:2   | Reached XP level 13. HP: 63/82 MP: 20/20
 12052 | Lair:2   | 12052 ||| INVOKING Heroism.
 12055 | Lair:2   | 12055 ||| INVOKING Finesse.
 12060 | Lair:2   | 12060 ||| SWAPPING to +11 hand axe "Dadid" {flame, rPois
                  | Will- Dex+6}.
 12066 | Lair:2   | 12066 ||| SWAPPING to +4 heavy broad axe.
 12547 | Lair:2   | Found a staircase to the Shoals.
 12767 | Lair:2   | 12767 ||| UPGRADING to +0 tower shield.
 12777 | Lair:2   | 12777 ||| DROPPING +0 buckler.
 12778 | Lair:2   | 12778 ||| UPGRADING to +2 pair of gloves of hurling.
 12788 | Lair:2   | 12788 ||| DROPPING +0 pair of gloves.
 12789 | Lair:2   | 12789 ||| UPGRADING to +4 ring of slaying {mikee}.
 12791 | Lair:2   | 12791 ||| DROPPING ring of willpower.
 12792 | Lair:2   | 12792 ||| READING 2 scrolls labelled XAPLOTS YREAMO.
 12793 | Lair:2   | 12793 ||| READING scroll of brand weapon.
 12793 | Lair:2   | 12793 ||| BRANDING +4 broad axe of venom.
 12794 | Lair:2   | 12794 ||| READING 5 scrolls of identify.
 12794 | Lair:2   | 12794 ||| IDENTIFYING glowing black potion
 12820 | Lair:3   | 12820 ||| INVOKING Heroism.
 12837 | Lair:3   | 12837 ||| Stepping ~*~*~tactically~*~*~ (stealth).
 12838 | Lair:3   | 12838 ||| Stepping ~*~*~tactically~*~*~ (stealth).
 12876 | Lair:3   | 12876 ||| Stepping ~*~*~tactically~*~*~ (stealth).
 12890 | Lair:3   | Reached skill level 7 in Shields
 12917 | Lair:3   | 12917 ||| Stepping ~*~*~tactically~*~*~ (stealth).
 12971 | Lair:3   | 12971 ||| Stepping ~*~*~tactically~*~*~ (stealth).
 13110 | Lair:3   | 13110 ||| Stepping ~*~*~tactically~*~*~ (hiding).
 13114 | Lair:3   | 13114 ||| INVOKING Heroism.
 13181 | Lair:3   | 13181 ||| Stepping ~*~*~tactically~*~*~ (stealth).
 13182 | Lair:3   | 13182 ||| Stepping ~*~*~tactically~*~*~ (stealth).
 13183 | Lair:3   | 13183 ||| Stepping ~*~*~tactically~*~*~ (stealth).
 13190 | Lair:3   | Reached skill level 8 in Shields
 13225 | Lair:3   | 13225 ||| INVOKING Heroism.
 13227 | Lair:3   | 13227 ||| Stepping ~*~*~tactically~*~*~ (stealth).
 13233 | Lair:3   | 13233 ||| SWAPPING to +11 hand axe "Dadid" {flame, rPois
                  | Will- Dex+6}.
 13241 | Lair:3   | Reached skill level 9 in Shields
 13241 | Lair:3   | 13241 ||| SWAPPING to +4 broad axe of chaos.
 13249 | Lair:3   | 13249 ||| INVOKING Heroism.
 13574 | Lair:3   | 13574 ||| INVOKING Heroism.
 13857 | Lair:3   | 13857 ||| UPGRADING to scarf of resistance.
 13867 | Lair:3   | 13867 ||| DROPPING ring of see invisible.
 13893 | Lair:4   | Found a viscous altar of Jiyva.
 13893 | Lair:4   | Found a staircase to the Slime Pits.
 13894 | Lair:4   | 13894 ||| PLANNING GAUNTLET
 13894 | Lair:4   | 13894 ||| INVOKING Heroism.
 13900 | Lair:4   | 13900 ||| SWAPPING to +11 hand axe "Dadid" {flame, rPois
                  | Will- Dex+6}.
 13906 | Lair:4   | 13906 ||| SWAPPING to +4 broad axe of chaos.
 13914 | Lair:4   | Reached skill level 10 in Shields
 13945 | Lair:4   | 13945 ||| INVOKING Heroism.
 13950 | Lair:4   | 13950 ||| SWAPPING to +11 hand axe "Dadid" {flame, rPois
                  | Will- Dex+6}.
 13956 | Lair:4   | 13956 ||| SWAPPING to +4 broad axe of chaos.
 13966 | Lair:4   | Found a gate leading to a gauntlet.
 13982 | Gauntlet | Entered a Gauntlet
 13982 | Gauntlet | Found a transporter.
 13982 | Gauntlet | Found a transporter.
 13986 | Gauntlet | Found a transporter.
 13986 | Gauntlet | Found a transporter.
 13998 | Gauntlet | Found a transporter.
 14005 | Gauntlet | Found a transporter.
 14007 | Gauntlet | Found a transporter.
 14007 | Gauntlet | Found a transporter.
 14011 | Gauntlet | Found a transporter.
 14013 | Gauntlet | Found a large runed translucent door.
 14014 | Gauntlet | Found a large runed translucent door.
 14053 | Gauntlet | Found a transporter.
 14075 | Gauntlet | Found a transporter.
 14079 | Gauntlet | Found a large runed translucent door.
 14080 | Gauntlet | Found a large runed translucent door.
 14081 | Gauntlet | Found a large runed translucent door.
 14081 | Gauntlet | Found a large runed translucent door.
 14081 | Gauntlet | Found a large runed translucent door.
 14082 | Gauntlet | Found a runed translucent door.
 14129 | Gauntlet | Found a transporter.
 14139 | Gauntlet | Found a transporter.
 14153 | Gauntlet | Found a transporter.
 14254 | Gauntlet | Found a transporter.
 14256 | Gauntlet | Found a large runed translucent door.
 14257 | Gauntlet | Found a large runed translucent door.
 14258 | Gauntlet | Found a runed translucent door.
 14258 | Gauntlet | Found a large runed translucent door.
 14258 | Gauntlet | Found a large runed translucent door.
 14260 | Gauntlet | Found a large runed translucent door.
 14262 | Gauntlet | Found a large runed translucent door.
 14262 | Gauntlet | Found a large runed translucent door.
 14264 | Gauntlet | Found a large runed translucent door.
 14264 | Gauntlet | Found a large runed translucent door.
 14266 | Gauntlet | Found a runed translucent gate.
 14266 | Gauntlet | Found a runed translucent gate.
 14266 | Gauntlet | Found a runed translucent gate.
 14268 | Gauntlet | Found a transporter.
 14358 | Gauntlet | Reached skill level 11 in Shields
 14420 | Gauntlet | 14420 ||| DROPPING +2 pair of gloves of infusion.
 14453 | Gauntlet | 14453 ||| INVOKING Heroism.
 14612 | Gauntlet | Gained mutation: Your large and strong wings let you fly.
                  | [Gargoyle growth]
 14612 | Gauntlet | Reached XP level 14. HP: 83/88 MP: 21/21
 14614 | Gauntlet | Reached skill level 12 in Shields
 14620 | Gauntlet | 14620 ||| INVOKING Heroism.
 14623 | Gauntlet | Identified the +7 war axe "Xoudiusap" {drain, rElec rC-
                  | Int+3} (Okawaru gifted it to you in a Gauntlet)
 14623 | Gauntlet | Received a gift from Okawaru
 14705 | Gauntlet | 14705 ||| DROPPING +0 cloak.
 14706 | Gauntlet | 14706 ||| READING scroll labelled KEEHUKL UKLA.
 14783 | Gauntlet | 14783 ||| INVOKING Heroism.
 14784 | Gauntlet | 14784 ||| INVOKING Finesse.
 14946 | Lair:4   | 14946 ||| PLANNING LAIR
 15083 | Lair:4   | 15083 ||| Stepping ~*~*~tactically~*~*~ (stealth).
 15085 | Lair:4   | 15085 ||| Stepping ~*~*~tactically~*~*~ (stealth).
 15333 | Lair:4   | 15333 ||| Stepping ~*~*~tactically~*~*~ (stealth).
 15334 | Lair:4   | 15334 ||| Stepping ~*~*~tactically~*~*~ (stealth).
 15335 | Lair:4   | 15335 ||| Stepping ~*~*~tactically~*~*~ (stealth).
 15342 | Lair:4   | Reached skill level 3 in Throwing
 15368 | Lair:4   | Reached skill level 13 in Shields
 15449 | Lair:4   | 15449 ||| Stepping ~*~*~tactically~*~*~ (hiding).
 15664 | Lair:4   | Found the +15 Maxwell's patent armour {-Cast -Tele rElec
                  | Will+ rCorr}
 15923 | Lair:4   | 15923 ||| DROPPING +1 cloak of poison resistance.
 15924 | Lair:4   | 15924 ||| READING scroll labelled YDOUCI FEMULUIVUAX.
 15925 | Lair:4   | 15925 ||| READING 10 scrolls of identify.
 15925 | Lair:4   | 15925 ||| IDENTIFYING viscous emerald potion
 15926 | Lair:4   | 15926 ||| DROPPING potion of berserk rage.
 15961 | Lair:4   | 15961 ||| INVOKING Heroism.
 15967 | Lair:4   | 15967 ||| SWAPPING to +11 hand axe "Dadid" {flame, rPois
                  | Will- Dex+6}.
 15969 | Lair:4   | 15969 ||| SWAPPING to +4 broad axe of chaos.
 15992 | Lair:5   | Entered Level 5 of the Lair of Beasts
 16134 | Lair:5   | 16134 ||| INVOKING Heroism.
 16185 | Lair:5   | 16185 ||| FLEEEEING.
 16186 | Lair:5   | 16186 ||| FLEEEEING.
 16188 | Lair:5   | 16188 ||| FLEEEEING.
 16189 | Lair:5   | 16189 ||| FLEEEEING.
 16190 | Lair:5   | 16190 ||| FLEEEEING.
 16191 | Lair:5   | 16191 ||| FLEEEEING.
 16201 | Lair:5   | 16201 ||| INVOKING Heroism.
 16317 | Lair:5   | 16317 ||| FLEEEEING.
 16318 | Lair:5   | 16318 ||| FLEEEEING.
 16319 | Lair:5   | 16319 ||| FLEEEEING.
 16320 | Lair:5   | 16320 ||| FLEEEEING.
 16321 | Lair:5   | 16321 ||| FLEEEEING.
 16322 | Lair:5   | 16322 ||| FLEEEEING.
 16323 | Lair:5   | 16323 ||| FLEEEEING.
 16324 | Lair:5   | 16324 ||| FLEEEEING.
 16325 | Lair:5   | 16325 ||| FLEEEEING.
 16326 | Lair:5   | 16326 ||| FLEEEEING.
 16327 | Lair:5   | 16327 ||| FLEEEEING.
 16328 | Lair:5   | 16328 ||| FLEEEEING.
 16329 | Lair:5   | 16329 ||| FLEEEEING.
 16330 | Lair:5   | 16330 ||| FLEEEEING.
 16331 | Lair:5   | 16331 ||| FLEEEEING.
 16332 | Lair:5   | 16332 ||| FLEEEEING.
 16333 | Lair:5   | 16333 ||| FLEEEEING.
 16334 | Lair:5   | 16334 ||| FLEEEEING.
 16335 | Lair:5   | 16335 ||| FLEEEEING.
 16341 | Lair:5   | Reached skill level 14 in Shields
 16582 | Lair:5   | 16582 ||| INVOKING Heroism.
 16649 | Lair:5   | 16649 ||| FLEEEEING.
 16650 | Lair:5   | 16650 ||| FLEEEEING.
 16659 | Lair:5   | 16659 ||| INVOKING Heroism.
 16660 | Lair:5   | 16660 ||| INVOKING Finesse.
 16708 | Lair:5   | 16708 ||| INVOKING Heroism.
 16712 | Lair:5   | Received a gift from Okawaru
 16715 | Lair:5   | Reached skill level 15 in Shields
 17016 | Lair:5   | 17016 ||| FLEEEEING.
 17017 | Lair:5   | 17017 ||| FLEEEEING.
 17018 | Lair:5   | 17018 ||| FLEEEEING.
 17019 | Lair:5   | 17019 ||| FLEEEEING.
 17020 | Lair:5   | 17020 ||| FLEEEEING.
 17021 | Lair:5   | 17021 ||| FLEEEEING.
 17022 | Lair:5   | 17022 ||| FLEEEEING.
 17023 | Lair:5   | 17023 ||| FLEEEEING.
 17024 | Lair:5   | 17024 ||| FLEEEEING.
 17025 | Lair:5   | 17025 ||| FLEEEEING.
 17026 | Lair:5   | 17026 ||| FLEEEEING.
 17027 | Lair:5   | 17027 ||| FLEEEEING.
 17028 | Lair:5   | 17028 ||| FLEEEEING.
 17029 | Lair:5   | 17029 ||| FLEEEEING.
 17030 | Lair:5   | 17030 ||| FLEEEEING.
 17031 | Lair:5   | 17031 ||| FLEEEEING.
 17032 | Lair:5   | 17032 ||| FLEEEEING.
 17033 | Lair:5   | 17033 ||| FLEEEEING.
 17065 | Lair:5   | Noticed a dire elephant
 17066 | Lair:5   | 17066 ||| INVOKING Heroism.
 17076 | Lair:5   | Killed a dire elephant
 17102 | Lair:5   | Noticed a dire elephant
 17113 | Lair:5   | Noticed a dire elephant
 17116 | Lair:5   | Noticed a dire elephant
 17135 | Lair:5   | 17135 ||| Stepping ~*~*~tactically~*~*~ (stealth).
 17139 | Lair:5   | 17139 ||| Stepping ~*~*~tactically~*~*~ (stealth).
 17171 | Lair:5   | 17171 ||| Stepping ~*~*~tactically~*~*~ (stealth).
 17188 | Lair:5   | Identified the +3 scale mail of the Old World {Will+ MP+9}
                  | (Okawaru gifted it to you on level 5 of the Lair of Beasts)
 17188 | Lair:5   | Received a gift from Okawaru
 17195 | Lair:5   | 17195 ||| Stepping ~*~*~tactically~*~*~ (stealth).
 17259 | Lair:5   | 17259 ||| Stepping ~*~*~tactically~*~*~ (hiding).
 17260 | Lair:5   | 17260 ||| Stepping ~*~*~tactically~*~*~ (hiding).
 17321 | Lair:5   | 17321 ||| Stepping ~*~*~tactically~*~*~ (stealth).
 17323 | Lair:5   | 17323 ||| Stepping ~*~*~tactically~*~*~ (stealth).
 17359 | Lair:5   | 17359 ||| Stepping ~*~*~tactically~*~*~ (stealth).
 17390 | Lair:5   | 17390 ||| INVOKING Heroism.
 17391 | Lair:5   | 17391 ||| INVOKING Finesse.
 17433 | Lair:5   | 17433 ||| INVOKING Heroism.
 17443 | Lair:5   | Gained mutation: You are frail. (-10% HP) [a neqoxec]
 17451 | Lair:5   | 17451 ||| INVOKING Heroism.
 17453 | Lair:5   | Gained mutation: Your body sometimes deteriorates upon
                  | taking damage. [a neqoxec]
 17478 | Lair:5   | Gained mutation: You have sharp toenails. [a neqoxec]
 17483 | Lair:5   | Gained mutation: Potions are less effective at restoring
                  | your health. [a neqoxec]
 17489 | Lair:5   | Reached XP level 15. HP: 68/82 MP: 22/22
 17542 | Lair:5   | 17542 ||| DRINKING potion of mutation.
 17542 | Lair:5   | Lost mutation: Your body sometimes deteriorates upon taking
                  | damage. [potion of mutation]
 17542 | Lair:5   | Lost mutation: Potions are less effective at restoring your
                  | health. [potion of mutation]
 17542 | Lair:5   | Lost mutation: You are frail. (-10% HP) [potion of
                  | mutation]
 17542 | Lair:5   | Gained mutation: You occasionally shout uncontrollably at
                  | your foes. [potion of mutation]
 17542 | Lair:5   | Gained mutation: Your muscles are strong. (Str +4, Int/Dex
                  | -1) [potion of mutation]
 17595 | Lair:5   | 17595 ||| INVOKING Heroism.
 17627 | Lair:5   | HP: 4/93 [dire elephant (37)]
 17628 | Lair:5   | 17628 ||| READING 9 scrolls of teleportation.
 17629 | Lair:5   | 17629 ||| DRINKING 2 potions of heal wounds.
 17631 | Lair:5   | 17631 ||| DRINKING potion of heal wounds.
 17934 | Lair:5   | 17934 ||| Stepping ~*~*~tactically~*~*~ (stealth).
 17939 | Lair:5   | 17939 ||| INVOKING Heroism.
 17972 | Lair:5   | 17972 ||| READING scroll of enchant weapon.
 17972 | Lair:5   | 17972 ||| ENCHANTING +4 broad axe of chaos.
 18029 | Lair:5   | 18029 ||| Stepping ~*~*~tactically~*~*~ (stealth).
 18260 | Lair:5   | 18260 ||| PLANNING D
 18424 | D:12     | 18424 ||| STAIRDANCE
 18481 | D:12     | 18481 ||| STAIRDANCE
 18487 | D:11     | 18487 ||| INVOKING Heroism.
 18659 | D:12     | 18659 ||| Stepping ~*~*~tactically~*~*~ (hiding).
 18660 | D:12     | 18660 ||| Stepping ~*~*~tactically~*~*~ (hiding).
 18717 | D:12     | 18717 ||| Stepping ~*~*~tactically~*~*~ (stealth).
 18837 | D:12     | 18837 ||| FLEEEEING.
 18838 | D:12     | 18838 ||| FLEEEEING.
 18839 | D:12     | 18839 ||| FLEEEEING.
 18840 | D:12     | 18840 ||| FLEEEEING.
 18841 | D:12     | 18841 ||| FLEEEEING.
 18842 | D:12     | 18842 ||| FLEEEEING.
 18843 | D:12     | 18843 ||| FLEEEEING.
 18845 | D:12     | 18845 ||| FLEEEEING.
 18848 | D:12     | 18848 ||| FLEEEEING.
 18849 | D:12     | 18849 ||| FLEEEEING.
 19166 | D:12     | Found a frozen archway.
 19169 | D:12     | 19169 ||| INVOKING Heroism.
 19194 | D:12     | Reached skill level 16 in Shields
 19530 | D:12     | 19530 ||| DROPPING +2 pair of boots.
 19556 | D:13     | 19556 ||| INVOKING Heroism.
 19559 | D:13     | 19559 ||| SWAPPING to +11 hand axe "Dadid" {flame, rPois
                  | Will- Dex+6}.
 19562 | D:13     | Reached skill level 3 in Dodging
 19562 | D:13     | 19562 ||| SWAPPING to +5 broad axe of chaos.
 19654 | D:13     | Found a runed translucent door.
 19654 | D:13     | Found a runed translucent door.
 19680 | D:13     | Identified the +2 ring mail of Xoffat {rElec Dex+2}
 19691 | D:13     | Found a runed translucent door.
 19712 | D:13     | 19712 ||| Stepping ~*~*~tactically~*~*~ (stealth).
 19717 | D:13     | 19717 ||| READING 8 scrolls of teleportation.
 19718 | D:13     | 19718 ||| INVOKING Heroism.
 19867 | D:13     | Noticed Erolcha
 19878 | D:13     | Killed Erolcha
 20244 | D:13     | 20244 ||| UPGRADING to +0 helmet.
 20280 | D:14     | 20280 ||| Stepping ~*~*~tactically~*~*~ (hiding).
 20283 | D:14     | 20283 ||| Stepping ~*~*~tactically~*~*~ (hiding).
 20405 | D:14     | Found a gate to the Vaults.
 20406 | D:14     | 20406 ||| Stepping ~*~*~tactically~*~*~ (hiding).
 20407 | D:14     | 20407 ||| Stepping ~*~*~tactically~*~*~ (hiding).
 20481 | D:14     | 20481 ||| INVOKING Heroism.
 20491 | D:14     | 20491 ||| Stepping ~*~*~tactically~*~*~ (stealth).
 20509 | D:14     | 20509 ||| Stepping ~*~*~tactically~*~*~ (hiding).
 20603 | D:14     | 20603 ||| DROPPING +0 war axe.
 20604 | D:14     | 20604 ||| DROPPING +7 war axe "Xoudiusap" {drain, rElec rC-
                  | Int+3}.
 20645 | D:14     | 20645 ||| Stepping ~*~*~tactically~*~*~ (hiding).
 20672 | D:14     | Found a shadowy altar of Dithmenos.
 20684 | D:14     | 20684 ||| INVOKING Heroism.
 20685 | D:14     | 20685 ||| Stepping ~*~*~tactically~*~*~ (hiding).
 20689 | D:14     | Reached skill level 6 in Throwing
 20695 | D:14     | Reached skill level 15 in Axes
 20710 | D:14     | Received a gift from Okawaru
 21101 | D:14     | 21101 ||| UPGRADING to +0 helmet of see invisible.
 21111 | D:14     | 21111 ||| DROPPING +0 helmet.
 21148 | D:15     | Entered Level 15 of the Dungeon
 21148 | D:15     | Found Fosusyum's Antique Armour Boutique.
 21153 | D:15     | 21153 ||| BUYING encrusted plate armour (868 gold).
 21153 | D:15     | Bought an encrusted plate armour for 868 gold pieces
 21153 | D:15     | Identified the +9 plate armour "Maguluk" {-Cast rC++ rCorr
                  | Dex+3} (You bought it in a shop on level 15 of the Dungeon)
 21271 | D:15     | 21271 ||| INVOKING Heroism.
 21316 | D:15     | Reached XP level 16. HP: 71/101 MP: 23/23
 21352 | D:15     | 21352 ||| FLEEEEING.
 21353 | D:15     | 21353 ||| FLEEEEING.
 21354 | D:15     | 21354 ||| FLEEEEING.
 21355 | D:15     | 21355 ||| FLEEEEING.
 21356 | D:15     | 21356 ||| FLEEEEING.
 21553 | D:15     | Reached skill level 12 in Fighting
 21615 | D:15     | 21615 ||| INVOKING Heroism.
 21616 | D:15     | 21616 ||| INVOKING Finesse.
 21622 | D:15     | 21622 ||| SWAPPING to +11 hand axe "Dadid" {flame, rPois
                  | Will- Dex+6}.
 21624 | D:15     | 21624 ||| SWAPPING to +5 broad axe of chaos.
 21690 | D:15     | 21690 ||| Stepping ~*~*~tactically~*~*~ (hiding).
 21864 | D:15     | 21864 ||| Stepping ~*~*~tactically~*~*~ (hiding).
 21865 | D:15     | 21865 ||| Stepping ~*~*~tactically~*~*~ (hiding).
 21867 | D:15     | 21867 ||| Stepping ~*~*~tactically~*~*~ (hiding).
 21868 | D:15     | 21868 ||| Stepping ~*~*~tactically~*~*~ (hiding).
 21869 | D:15     | 21869 ||| Stepping ~*~*~tactically~*~*~ (hiding).
 21892 | D:15     | 21892 ||| Stepping ~*~*~tactically~*~*~ (stealth).
 21898 | D:15     | Found a staircase to the Depths.
 22249 | D:15     | 22249 ||| PLANNING ORC
 22249 | D:15     | 22249 ||| UPGRADING to +9 plate armour "Maguluk" {-Cast
                  | rC++ rCorr Dex+3}.
 22259 | D:15     | 22259 ||| DROPPING +0 plate armour of cold resistance.
 22260 | D:15     | 22260 ||| UPGRADING to amulet of faith.
 22392 | Orc:1    | Entered Level 1 of the Orcish Mines
 22456 | Orc:1    | Received a gift from Okawaru
 22486 | Orc:1    | 22486 ||| INVOKING Heroism.
 22486 | Orc:1    | Noticed Josephine
 22496 | Orc:1    | HP: 11/101 [orc priest/divine providence (16)]
 22497 | Orc:1    | 22497 ||| READING 7 scrolls of teleportation.
 22498 | Orc:1    | 22498 ||| DRINKING potion of heal wounds.
 22499 | Orc:1    | Killed Josephine
 22502 | Orc:1    | Noticed Urug
 22503 | Orc:1    | 22503 ||| INVOKING Finesse.
 22517 | Orc:1    | Killed Urug
 22538 | Orc:1    | 22538 ||| INVOKING Heroism.
 22773 | Orc:1    | Noticed Sonja
 22774 | Orc:1    | 22774 ||| Stepping ~*~*~tactically~*~*~ (hiding).
 22777 | Orc:1    | 22777 ||| INVOKING Finesse.
 22800 | Orc:1    | 22800 ||| Stepping ~*~*~tactically~*~*~ (hiding).
 22801 | Orc:1    | 22801 ||| Stepping ~*~*~tactically~*~*~ (hiding).
 22803 | Orc:1    | 22803 ||| Stepping ~*~*~tactically~*~*~ (hiding).
 22806 | Orc:1    | Killed Sonja
 23007 | Orc:1    | 23007 ||| DROPPING +0 cloak of stealth.
 23023 | Orc:2    | Entered Level 2 of the Orcish Mines
 23026 | Orc:2    | 23026 ||| Stepping ~*~*~tactically~*~*~ (hiding).
 23027 | Orc:2    | 23027 ||| Stepping ~*~*~tactically~*~*~ (hiding).
 23028 | Orc:2    | 23028 ||| Stepping ~*~*~tactically~*~*~ (hiding).
 23029 | Orc:2    | 23029 ||| Stepping ~*~*~tactically~*~*~ (hiding).
 23171 | Orc:2    | 23171 ||| INVOKING Heroism.
 23172 | Orc:2    | Paralysed by an orc sorcerer for 2 turns
 23227 | Orc:2    | 23227 ||| INVOKING Heroism.
 23237 | Orc:2    | HP: 15/101 [orc priest/divine providence (14)]
 23238 | Orc:2    | 23238 ||| READING 6 scrolls of teleportation.
 23243 | Orc:2    | 23243 ||| READING 5 scrolls of teleportation.
 23246 | Orc:2    | HP: 5/101 [orc priest/divine providence[an orc high priest]
                  | (9)]
 23403 | Orc:2    | 23403 ||| FLEEEEING.
 23409 | Orc:2    | 23409 ||| STAIRDANCE
 23517 | Orc:2    | Found a staircase to the Elven Halls.
 23544 | Orc:2    | 23544 ||| Stepping ~*~*~tactically~*~*~ (stealth).
 23545 | Orc:2    | 23545 ||| Stepping ~*~*~tactically~*~*~ (stealth).
 23550 | Orc:2    | 23550 ||| Stepping ~*~*~tactically~*~*~ (hiding).
 23554 | Orc:2    | 23554 ||| Stepping ~*~*~tactically~*~*~ (stealth).
 23554 | Orc:2    | Found Juleffung's Magic Scroll Shop.
 23557 | Orc:2    | 23557 ||| Stepping ~*~*~tactically~*~*~ (stealth).
 23565 | Orc:2    | 23565 ||| FLEEEEING.
 23569 | Orc:2    | 23569 ||| FLEEEEING.
 23570 | Orc:2    | 23570 ||| FLEEEEING.
 23571 | Orc:2    | 23571 ||| FLEEEEING.
 23572 | Orc:2    | 23572 ||| FLEEEEING.
 23576 | Orc:2    | 23576 ||| FLEEEEING.
 23577 | Orc:2    | 23577 ||| FLEEEEING.
 23578 | Orc:2    | 23578 ||| FLEEEEING.
 23579 | Orc:2    | 23579 ||| FLEEEEING.
 23580 | Orc:2    | 23580 ||| FLEEEEING.
 23581 | Orc:2    | 23581 ||| FLEEEEING.
 23582 | Orc:2    | 23582 ||| FLEEEEING.
 23583 | Orc:2    | 23583 ||| FLEEEEING.
 23584 | Orc:2    | 23584 ||| FLEEEEING.
 23585 | Orc:2    | 23585 ||| FLEEEEING.
 23586 | Orc:2    | 23586 ||| FLEEEEING.
 23587 | Orc:2    | 23587 ||| FLEEEEING.
 23588 | Orc:2    | 23588 ||| FLEEEEING.
 23589 | Orc:2    | 23589 ||| FLEEEEING.
 23590 | Orc:2    | 23590 ||| FLEEEEING.
 23591 | Orc:2    | 23591 ||| STAIRDANCE
 23718 | Orc:2    | 23718 ||| INVOKING Heroism.
 23745 | Orc:2    | 23745 ||| Stepping ~*~*~tactically~*~*~ (hiding).
 23747 | Orc:2    | 23747 ||| Stepping ~*~*~tactically~*~*~ (hiding).
 23751 | Orc:2    | 23751 ||| INVOKING Heroism.
 23763 | Orc:2    | 23763 ||| Stepping ~*~*~tactically~*~*~ (hiding).
 23816 | Orc:2    | Found a runed translucent gate.
 23816 | Orc:2    | Found a runed translucent gate.
 23816 | Orc:2    | Found a runed translucent gate.
 23824 | Orc:2    | Noticed qw's ghost (journeyman GrFi)
 23952 | Orc:2    | Found Xuurhic's Armour Boutique.
 23952 | Orc:2    | Found Piateb's Weapon Shop.
 23953 | Orc:2    | Found Wezutsethra's Armour Shop.
 23959 | Orc:2    | Found Molodd's Assorted Antiques.
 23965 | Orc:2    | 23965 ||| BUYING scroll of enchant armour (217 gold).
 23965 | Orc:2    | Bought a scroll of enchant armour for 217 gold pieces
 23965 | Orc:2    | 23965 ||| READING scroll of enchant armour.
 23965 | Orc:2    | 23965 ||| ENCHANTING +0 helmet of see invisible.
 23979 | Orc:2    | 23979 ||| INVOKING Heroism.
 24006 | Orc:2    | 24006 ||| BUYING scroll of enchant weapon (112 gold).
 24006 | Orc:2    | Bought a scroll of enchant weapon for 112 gold pieces
 24006 | Orc:2    | 24006 ||| READING scroll of enchant weapon.
 24006 | Orc:2    | 24006 ||| ENCHANTING +5 broad axe of chaos.
 24290 | Orc:2    | 24290 ||| Stepping ~*~*~tactically~*~*~ (stealth).
 24294 | Orc:2    | 24294 ||| Stepping ~*~*~tactically~*~*~ (hiding).
 24357 | Orc:2    | 24357 ||| Stepping ~*~*~tactically~*~*~ (stealth).
 24359 | Orc:2    | 24359 ||| Stepping ~*~*~tactically~*~*~ (hiding).
 24400 | Orc:2    | 24400 ||| Stepping ~*~*~tactically~*~*~ (hiding).
 24403 | Orc:2    | 24403 ||| Stepping ~*~*~tactically~*~*~ (hiding).
 24448 | Orc:2    | 24448 ||| Stepping ~*~*~tactically~*~*~ (stealth).
 24451 | Orc:2    | 24451 ||| Stepping ~*~*~tactically~*~*~ (hiding).
 24452 | Orc:2    | 24452 ||| Stepping ~*~*~tactically~*~*~ (hiding).
 24453 | Orc:2    | 24453 ||| Stepping ~*~*~tactically~*~*~ (hiding).
 24454 | Orc:2    | 24454 ||| Stepping ~*~*~tactically~*~*~ (hiding).
 24455 | Orc:2    | 24455 ||| Stepping ~*~*~tactically~*~*~ (hiding).
 24456 | Orc:2    | 24456 ||| Stepping ~*~*~tactically~*~*~ (stealth).
 24619 | Orc:2    | Found an iron altar of Okawaru.
 24622 | Orc:2    | 24622 ||| PLANNING SPIDER:1-3
 24845 | Spider:1 | Entered Level 1 of the Spider Nest
 24848 | Spider:1 | 24848 ||| STAIRDANCE
 24927 | Spider:1 | 24927 ||| STAIRDANCE
 24935 | Lair:2   | 24935 ||| INVOKING Heroism.
 25185 | Spider:1 | 25185 ||| STAIRDANCE
 25187 | Lair:2   | 25187 ||| DRINKING 5 potions of curing.
 25187 | Lair:2   | 25187 ||| (to cure confusion)
 25322 | Spider:1 | 25322 ||| STAIRDANCE
 25324 | Lair:2   | 25324 ||| INVOKING Heroism.
 25332 | Lair:2   | Reached skill level 17 in Shields
 25582 | Spider:1 | 25582 ||| STAIRDANCE
 25716 | Spider:1 | 25716 ||| STAIRDANCE
 25803 | Spider:1 | 25803 ||| STAIRDANCE
 25806 | Lair:2   | 25806 ||| INVOKING Heroism.
 25989 | Spider:1 | HP: 18/101 [disintegration (83)]
 25990 | Spider:1 | 25990 ||| STAIRDANCE
 25992 | Lair:2   | 25992 ||| READING 4 scrolls of teleportation.
 25993 | Lair:2   | 25993 ||| INVOKING Heroism.
 26291 | Spider:1 | 26291 ||| STAIRDANCE
 26293 | Lair:2   | 26293 ||| DRINKING 4 potions of curing.
 26293 | Lair:2   | 26293 ||| (to cure confusion)
 26388 | Spider:1 | 26388 ||| Stepping ~*~*~tactically~*~*~ (hiding).
 26443 | Spider:1 | Identified the +3 ring mail of Beyond {Int+2}
 26746 | Spider:2 | 26746 ||| INVOKING Heroism.
 26755 | Spider:2 | 26755 ||| STAIRDANCE
 26758 | Spider:1 | HP: 17/101 [entropy weaver (16)]
 26759 | Spider:1 | 26759 ||| READING 4 scrolls of teleportation.
 26759 | Spider:1 | HP: 5/101 [entropy weaver (5)]
 26759 | Spider:1 | Mangled by an emperor scorpion

Levels and vault maps discovered:
D:1:      roderic_octagonal_star, layout_basic
D:2:      layout_basic, hellmonk_ecumenical_altar_slurped_away,
          minmay_box_of_dots
D:3:      layout_rooms, evilmike_ruin_ashenzari, skrybe_limestone_x,
          minmay_pentangle
D:4:      layout_layer_cave, good_gods_mini_temple,
          mainiacjoe_overflow_concentric_impassable, kennysheep_mini,
          gammafunk_temple_overflow_statue
D:5:      layout_basic, nemelex_diamond_rough_becter, lemuel_doored_altar,
          minmay_temple_entry_proselytizer
D:6:      layout_rooms, marbit_many_paths, mainiacjoe_overflow_catwalk
D:7:      layout_basic, mainiacjoe_overflow_surrounded_room, lemuel_tele_altar
D:8:      layout_basic, mainiacjoe_overflow_swirl, lemuel_round_altar,
          okawaru_humans, enter_bailey_2, grunt_tough_drop
D:9:      layout_long_grid, mainiacjoe_overflow_tiny_flanked,
          general_overflow_altar, serial_shops, shop_fountains, minmay_ruffians,
          uniq_maggie, uniq_erica
D:10:     layout_irregular_city, mainiacjoe_overflow_alcove_1,
          minmay_door_square, uniq_harold, uniq_psyche
D:11:     layout_cave_pods, erik_lair_dragon, orc_david_3,
          kb_lookout_dungeons_type, kennysheep_generic_room_3, uniq_snorg,
          uniq_amaemon
D:12:     layout_roguey, portal_ice_cave_entry_animals_and_master,
          kennysheep_potato
D:13:     layout_basic, drop_trap, minivault_25, mikee_hates_you, uniq_erolcha
D:14:     layout_irregular_city, david_vaults_1,
          nicolae_kite_square_tiling_tiny, nicolae_dithmenos_shadow_blocks
D:15:     grunt_enter_depths_magical_seal, layout_small_grid, serial_rivers,
          chequers_serial_rivers_micro_c, chequers_serial_rivers_micro_e,
          chequers_serial_rivers_small_3, chequers_serial_rivers_micro_a,
          serial_bayou_shore_a, serial_shops, nicolae_shop_dealshenge,
          corexii_leaking_fountain
Temple:   ebering_the_one_and_only
Lair:1:   layout_cave_pods
Lair:2:   layout_regular_city, minmay_shoals_entry_lonely_mermaid,
          hellmonk_spider_entry_life_and_decay, maelrawn_ghost_gauntlet_escape,
          grunt_forest_stairs_clearing
Lair:3:   layout_chaotic_city, grunt_megastairs_3, infiniplex_staircase_pool_2
Lair:4:   layout_layer_cave, slime_entry_1, gauntlet_entry_generic,
          dreamdust_deal_with_the_devil, beast_lair_carwin_10
Lair:5:   due_jungle_book, layout_long_grid
Spider:1: layout_spider_delve, guppyfry_spider_mini_2
Spider:2: layout_spider_delve
Orc:1:    layout_caves, basic_altar, uniq_sonja, uniq_josephine, uniq_urug
Orc:2:    st_orc_mages, layout_caves, gammafunk_ghost_fury_of_okawaru,
          serial_shops, nicolae_shop_trees

Skill      XL: |  1  2  3  4  5  6  7  8  9 10 11 12 13 14 15 16 |
---------------+-------------------------------------------------+-----
Axes           | 2 3 4 5 7 8 9 11 12 13 14 15 16 | 16.1
Dodging        | 1 2 3 |  3.4
Fighting       | 4 5 6 8 9 10 11 12 | 12.0
Armour         | 5 6 7 9 10 11 | 11.0
Shields        | 4 5 6 11 15 16 17 | 17.0
Throwing       | 1 2 4 6 7 |  7.0
Invocations    | 3 5 9 10 | 10.0

Action                     |  1- 3 |  4- 6 |  7- 9 | 10-12 | 13-15 | 16-18 || total
---------------------------+-------+-------+-------+-------+-------+-------++-------
  Melee: War axe           |    80 |   115 |   299 |    93 |       |       ||   587
         Broad axe         |       |       |       |   281 |   765 |   351 ||  1397
         Hand axe          |       |       |       |       |    25 |     1 ||    26
  Throw: Boomerang         |       |    10 |    11 |    89 |    97 |     9 ||   216
         Javelin           |       |       |       |       |   120 |    45 ||   165
 Invoke: Heroism           |       |       |       |    19 |    30 |    13 ||    62
         Finesse           |       |       |       |       |     4 |     3 ||     7
    Use: Scroll            |     7 |     8 |     5 |     7 |     9 |     7 ||    43
         Potion            |     1 |     1 |     1 |     1 |     3 |     3 ||    10
   Stab: Petrified         |       |       |       |       |     2 |       ||     2
         Confused          |       |       |       |       |     5 |       ||     5
         Petrifying        |       |       |       |       |     1 |       ||     1
         Paralysed         |       |       |       |       |     1 |     1 ||     2
 Armour: Scale mail        |    34 |       |       |       |       |       ||    34
         Ring mail         |       |    56 |    72 |       |       |       ||   128
         Plate armour      |       |       |    96 |   345 |   338 |   196 ||   975
  Dodge: Dodged            |    48 |    62 |    94 |   229 |   270 |   186 ||   889
  Block: Buckler           |    15 |    22 |    44 |   131 |     7 |       ||   219
         Tower shield      |       |       |       |       |   602 |   361 ||   963

Table legend:
 A = Non-vault XP
 B = Vault XP
 C = Vault XP percentage of total XP
 D = Non-vault monster count
 E = Vault monster count
 F = Vault count percentage of total count
                 A         B        C        D         E       F
            +---------+---------+-------+---------+---------+-------
      Total |  112473 |   54217 |  32.5 |     530 |     202 |  27.6
            +---------+---------+-------+---------+---------+-------
        D:1 |       6 |       0 |   0.0 |       4 |       0 |   0.0
        D:2 |      60 |       6 |   9.1 |      20 |       4 |  16.7
        D:3 |     139 |      31 |  18.2 |      16 |       5 |  23.8
        D:4 |     124 |       0 |   0.0 |      13 |       0 |   0.0
        D:5 |     583 |      41 |   6.6 |      22 |       1 |   4.3
        D:6 |     756 |      35 |   4.4 |      27 |       1 |   3.6
        D:7 |    1236 |       0 |   0.0 |      19 |       0 |   0.0
        D:8 |    1617 |     402 |  19.9 |      10 |       2 |  16.7
        D:9 |    1943 |    2211 |  53.2 |      29 |       7 |  19.4
       D:10 |    3042 |    1268 |  29.4 |      14 |       2 |  12.5
       D:11 |    4960 |    4157 |  45.6 |      14 |      15 |  51.7
       D:12 |    3463 |    3090 |  47.2 |      15 |       9 |  37.5
       D:13 |    7138 |     874 |  10.9 |      21 |       1 |   4.5
       D:14 |   10811 |    2336 |  17.8 |      20 |       4 |  16.7
       D:15 |   11305 |    3893 |  25.6 |      26 |       9 |  25.7
     Lair:1 |    7523 |       0 |   0.0 |      30 |       0 |   0.0
     Lair:2 |   13208 |    1925 |  12.7 |      41 |       9 |  18.0
     Lair:3 |    7446 |    1824 |  19.7 |      19 |      15 |  44.1
     Lair:4 |    8834 |    1894 |  17.7 |      28 |      10 |  26.3
     Lair:5 |   15181 |   14182 |  48.3 |      45 |      27 |  37.5
   Spider:1 |    3643 |    1239 |  25.4 |      12 |       6 |  33.3
   Spider:2 |    1302 |       0 |   0.0 |       6 |       0 |   0.0
      Orc:1 |    4143 |    3487 |  45.7 |      47 |       8 |  14.5
      Orc:2 |    3106 |    5667 |  64.6 |      28 |      45 |  61.6
   Gauntlet |     904 |    5655 |  86.2 |       4 |      22 |  84.6
            +---------+---------+-------+---------+---------+-------
